 Dungeon Crawl Stone Soup version 0.18-a0-1347-gb9e2fb4 (webtiles) character file.

701 Gorice the Cutter (level 7, -11/40 HPs)
             Began as a Deep Elf Wanderer on Feb 17, 2016.
             Was a Follower of Vehumet.
             Mangled by an ogre
             ... wielding a +0 giant spiked club
              (28 damage)
             ... on level 4 of the Dungeon.
             The game lasted 00:24:25 (6315 turns).

Gorice the Cutter (Deep Elf Wanderer)               Turns: 6315, Time: 00:24:25

Health: -11/40     AC:  6    Str:  9    XL:     7   Next: 38%
Magic:  13/13      EV: 12    Int: 19    God:    Vehumet [*.....]
Gold:   149        SH:  0    Dex: 14    Spells: 1 memorised, 11 levels left

rFire  . . .     SeeInvis +     v - +1 trident (venom)
rCold  . . .     Gourm    .     r - +0 ring mail
rNeg   . . .     Faith    .     (no shield)
rPois  .         Spirit   .     (no helmet)
rElec  .         Dismiss  .     (no cloak)
rCorr  .         Reflect  .     (no gloves)
SustAt .         Harm     .     t - +0 pair of boots
MR     .....                    (no amulet)
Stlth  ++........               (no ring)
                                q - ring of see invisible

@: not resistant to hostile enchantments, unstealthy
A: no striking features
a: Renounce Religion


You were on level 4 of the Dungeon.
You worshipped Vehumet.
Vehumet was aware of your devotion.
You were not hungry.

You visited 1 branch of the dungeon, and saw 5 of its levels.

You collected 149 gold pieces.

Inventory:

Hand Weapons
 a - a +3 short sword
 b - a +0 shortbow
 e - a +0 dagger
 g - a +0 falchion
 v - a +1 trident of venom (weapon)
   (You took it off an orc on level 5 of the Dungeon)
Missiles
 o - 12 arrows of flame
 p - 40 sling bullets
 Y - a throwing net
 Z - 143 stones (quivered)
Armour
 d - a +0 robe
 i - a +0 scale mail
 n - a +0 chain mail
 r - a +0 ring mail (worn)
 t - a +0 pair of boots (worn)
Jewellery
 q - a ring of see invisible (left hand)
Wands
 x - a wand of flame (25/48)
Scrolls
 k - 6 scrolls of remove curse
 s - 5 scrolls of teleportation {!r}
 u - a scroll of magic mapping {!r}
 y - a scroll of blinking
Potions
 c - a potion of might {unknown}
 l - a potion of berserk rage {unknown}
 w - 2 potions of flight {unknown}
Comestibles
 f - 2 bread rations {!e}
 h - 2 chunks of flesh
 m - 4 meat rations {!e}


   Skills:
 - Level 2.5 Fighting
 + Level 5.6 Short Blades
 + Level 4.8 Dodging
 - Level 3.6 Stealth
   Level 1.0 Shields
 + Level 3.1 Spellcasting
 * Level 3.8 Conjurations


You had 11 spell levels left.
You knew the following spells:

 Your Spells              Type           Power        Failure   Level  Hunger
a - Shock                 Conj/Air       ##..         21%         1    None


Dungeon Overview and Level Annotations

Branches:
Dungeon (5/15)
 Temple: D:4-7

Altars:
Dithmenos
Okawaru
Qazlal
Trog
Vehumet
Zin

Annotations:
D:1 glass loot vault needs dig
D:2 zin altar $ behind bars
D:4 UX: shafted here - tough level
D:5 Azzok's ghost, novice DEFE


Message History

v - a +1 trident of venom (weapon)
You closely miss the adder.
The adder is severely wounded.
The adder closely misses you. The adder bites you but does no damage.
You closely miss the adder.
The adder is severely wounded.
The adder closely misses you. x2
You hit the adder.
The adder is severely wounded.
The adder bites you.
Damage: 1 (max 1)
You barely miss the adder.
The adder is severely wounded.
The adder bites you but does no damage. The adder barely misses you.
You miss the adder.
The adder is severely wounded.
The adder barely misses you. The adder closely misses you.
You miss the adder.
The adder is severely wounded.
The adder bites you.
Damage: 2 (max 2)
You completely miss the adder.
The adder is severely wounded.
The adder misses you. The adder closely misses you.
You puncture the adder!
You kill the adder!
Vehumet accepts your kill.
o - 10 arrows of flame (gained 1)
You see here an adder corpse.
You see here an adder corpse.
You butcher the adder corpse.
h - 2 chunks of flesh
o - 11 arrows of flame (gained 1)
o - 12 arrows of flame (gained 1)
Z - 142 stones (gained 1)
Z - 143 stones (gained 1)
The ogre shouts!
Found 14 arrows of frost.
You see here a stone.
A worm comes into view.
You see here a stone.
You completely miss the ogre.
The ogre hits you with a giant spiked club!!
Ouch! That really hurt!
The worm moves out of view.
Damage: 23 (max 23)
You barely miss the ogre.
The ogre hits you with a giant spiked club!!
Ouch! That really hurt!
You die...

#.# #(# #.#.. ##########
#.#.# #........# #.#.#
#.######.#######.#.###.#
#.# #.##......O......
#.# #.##.# #@#.. . ..#
####.##.## #(#.#.#
#####........###.#<#.#
##...#.........#....#
##.....#.#......#.###.#
##........##.###...#
...รท......##.# #.#.#
##.......###<# #.#.#
##.....## #)# #.#.#


You could see an ogre.

Vanquished Creatures
  A necrophage (D:5)
  An ogre (D:5)
  A centaur (D:5)
  A scorpion (D:5)
  A hound (D:2)
  3 orc wizards (D:5)
  3 worker ants
  The ghost of ololoev the Firebug, a weakling DEFE (D:4)
  4 gnolls
  6 adders
  2 oozes
  An adder skeleton (D:4)
  2 worms (D:2)
  3 giant geckos (D:3)
  7 orcs
  9 bats
  4 giant cockroaches
  9 goblins
  5 hobgoblins
  2 jackals (D:1)
  2 quokkas
  2 ball pythons
  5 giant newts
  9 kobolds
  9 rats
93 creatures vanquished.

Notes
Turn   | Place    | Note
--------------------------------------------------------------
     0 | D:1      | Gorice the Deep Elf Wanderer began the quest for the Orb.
     0 | D:1      | Gorice set off with: a +2 short sword, a +0 falchion, a potion of curing, a +0 robe, a +0 dagger, a bread ration {!e}
     0 | D:1      | Reached XP level 1. HP: 12/12 MP: 3/3
   173 | D:1      | Reached XP level 2. HP: 16/16 MP: 4/4
  1170 | D:2      | Reached skill level 2 in Dodging
  1339 | D:2      | Found a radiant altar of Vehumet.
  1358 | D:2      | Reached XP level 3. HP: 9/21 MP: 5/5
  1550 | D:2      | Reached skill level 2 in Fighting
  1648 | D:2      | Reached skill level 4 in Short Blades
  1936 | D:2      | Found a glowing silver altar of Zin.
  1953 | D:2      | You fall through a shaft for 2 floors!
  2166 | D:2      | Found a bloodstained altar of Trog.
  2255 | D:2      | HP: 4/21 [gnoll (7)]
  2257 | D:2      | Reached XP level 4. HP: 4/26 MP: 6/6
  2325 | D:2      | HP: 6/26 [gnoll (4)]
  2742 | D:2      | Found an iron altar of Okawaru.
  2905 | D:2      | Became a worshipper of Vehumet
  2941 | D:2      | Reached skill level 3 in Dodging
  3042 | D:3      | Found a shadowy altar of Dithmenos.
  3092 | D:3      | Reached XP level 5. HP: 30/30 MP: 7/7
  3288 | D:3      | Found a stormy altar of Qazlal.
  3289 | D:3      | Noticed a water elemental
  3292 | D:3      | Noticed a fire elemental
  3292 | D:3      | Noticed an air elemental
  3812 | D:3      | Reached skill level 5 in Short Blades
  4242 | D:4      | Reached * piety under Vehumet
  4242 | D:4      | Offered knowledge of Shock by Vehumet.
  4445 | D:4      | Learned a level 1 spell: Shock
  4640 | D:4      | Noticed ololoev's ghost (weakling DEFE)
  4717 | D:4      | Noticed an ogre
  4831 | D:5      | Entered Level 5 of the Dungeon
  4838 | D:5      | Reached skill level 4 in Dodging
  4838 | D:5      | Reached skill level 1 in Spellcasting
  4838 | D:5      | Reached skill level 1 in Conjurations
  4838 | D:5      | Reached XP level 6. HP: 19/36 MP: 9/9
  5028 | D:5      | Reached skill level 2 in Conjurations
  5252 | D:5      | Reached skill level 2 in Spellcasting
  5262 | D:5      | HP: 10/36 [centaur (7)]
  5263 | D:5      | HP: 4/36 [centaur (4)]
  5268 | D:5      | HP: 8/54 [centaur (1)]
  5271 | D:5      | Reached XP level 7. HP: 10/40 MP: 12/12
  5292 | D:5      | Noticed Azzok's ghost (novice DEFE)
  5590 | D:5      | Reached skill level 3 in Conjurations
  5629 | D:5      | Reached skill level 3 in Spellcasting
  5639 | D:5      | HP: 12/40 [poisoned by a worker ant]
  5986 | D:4      | HP: 11/40 [ololoev's ghost/flame tongue (8)]
  5996 | D:4      | HP: 11/40 [ololoev's ghost (1)]
  6006 | D:4      | Killed ololoev's ghost
  6315 | D:4      | Mangled by an ogre

Vault maps used:
D:1:      dpeg_arrival_rooms_with_view, due_unseen_surprise
D:2:      zin_treasury, lemuel_coloured_pillars_altar, vehumet_crystals,
          okawaru_altar_gauntlet_db
D:3:      lemuel_doored_altar, nicolae_qazlal_style_of_elements, first_bread
D:4:      kennysheep_generic_room_6
D:5:      grunt_temple_overflow_holy_war, basic_altar

Action                   |  1- 3 |  4- 6 |  7- 9 || total
-------------------------+-------+-------+-------++-------
Melee: Short sword       |   109 |   158 |    30 ||   297
       Trident           |       |    15 |    10 ||    25
 Fire: Shortbow          |       |       |    11 ||    11
Throw: Stone             |    35 |    43 |       ||    78
 Cast: Shock             |       |    10 |     4 ||    14
Evoke: Wand              |       |     5 |       ||     5
  Use: Scroll            |     4 |     5 |       ||     9
       Potion            |       |     5 |     1 ||     6
 Stab: Sleeping          |     1 |     4 |     1 ||     6
  Eat: Chunk             |     4 |    10 |     3 ||    17

Table legend:
 A = Turns spent in this place as a percentage of turns spent in the entire game.
 B = Non-inter-level travel turns spent in this place as a percentage of non-inter-level travel turns spent in the entire game.
 C = Inter-level travel turns spent in this place as a percentage of turns spent in this place.
 D = Turns resting spent in this place as a percentage of non-inter-level travel turns spent in this place.
 E = Turns spent auto-exploring this place as a percentage of non-inter-level travel turns spent in this place.
 F = Non-inter-level travel turns spent in this place divided by the number of levels of this place that you've seen.
                   A       B       C       D       E      F
               +-------+-------+-------+-------+-------+----------------------
         Total | 100.0 | 100.0 |   0.7 |   3.8 |   4.9 | 378.4
       Dungeon | 100.0 | 100.0 |   0.7 |   3.8 |   4.9 | 378.4
               +-------+-------+-------+-------+-------+----------------------

Vault maps used:
D:1:      dpeg_arrival_rooms_with_view, due_unseen_surprise
D:2:      zin_treasury, lemuel_coloured_pillars_altar, vehumet_crystals,
          okawaru_altar_gauntlet_db
D:3:      lemuel_doored_altar, nicolae_qazlal_style_of_elements, first_bread
D:4:      kennysheep_generic_room_6
D:5:      grunt_temple_overflow_holy_war, basic_altar
